 Dungeon Crawl Stone Soup version 0.31-a0-331-geda263fcf1 (webtiles) character file.

Game seed: 8231078215325239887

106 mopl the Changeling (level 4, -9/30 HPs)
             Began as an Octopode Shapeshifter on July 19, 2023.
             Mangled by an ogre
             ... wielding a +0 giant spiked club
              (12 damage)
             ... on level 4 of the Dungeon.
             The game lasted 00:02:28 (2360 turns).

mopl the Changeling (Octopode Shapeshifter)         Turns: 2360, Time: 00:02:28

Health: -9/30      AC:  1    Str: 14    XL:     4   Next: 84%
Magic:  4/4        EV: 13    Int: 10    God:
Gold:   115        SH:  0    Dex: 14    Spells: 3/3 levels left

rFire   . .          .
                       - Unarmed
rCold   . . .        (no shield)
rNeg    . . .        (helmet currently unavailable)
rPois   .            (no amulet)
rElec   .            e - ring of willpower
rCorr   .            (no ring)
SInv    .            (no ring)
Will    +....        (no ring)
Stlth   ++           (no ring)
HPRegen 0.25/turn    (no ring)
MPRegen 0.09/turn    (no ring)
                     (no ring)

%: no passive effects
@: beast-form
A: beast (slay +2), almost no armour, amphibious, 8 rings, camouflage 1,
gelatinous body 1, (nimble swimmer 1), tentacles
a: Begin Untransformation


You were on level 4 of the Dungeon.
You were a hulking beast.
You visited 1 branch of the dungeon, and saw 4 of its levels.

You collected 115 gold pieces.

Inventory:

Jewellery
 e - a ring of willpower (left tentacle)
Talismans
 b - a beast talisman
Scrolls
 f - a scroll of fog {unknown}
 g - 2 scrolls of teleportation {unknown}
 i - a scroll of poison {unknown}
 j - 2 scrolls of identify {unknown}
 k - a scroll of revelation {unknown}
 l - a scroll of vulnerability {unknown}
Potions
 a - a potion of lignification {!q}
 c - 2 potions of brilliance {unknown}
 d - a potion of haste {unknown}
 h - 2 potions of curing {unknown}
 m - a potion of berserk rage {unknown}


   Skills:
 + Level 2.5 Fighting
 + Level 2.6 Dodging
 * Level 3.2 Unarmed Combat
 * Level 3.7 Shapeshifting


You had 3 spell levels left.
You didn't know any spells.
Your spell library contained the following spells:

 Spells                   Type           Power      Damage    Failure   Level
 Freeze                   Ice            0%         1d3       36%         1
 Frozen Ramparts          Ice            0%         1d1       75%         3
 Hailstorm                Conj/Ice       0%         3d3       75%         3


Dungeon Overview and Level Annotations

Branches:
Dungeon (4/15)
 Temple: D:4-7

Altars:


Innate Abilities, Weirdness & Mutations

You are a hulking beast.
Your limbs bulge with bestial killing power. (Slay +2)
You cannot wear most types of armour.
You are amphibious.
You can wear up to eight rings at the same time.
Your skin changes colour to match your surroundings (Stealth+).
Your rubbery body absorbs attacks. (AC +1, EV +1)
((You are camouflaged when in or above water. (Stealth+)))
You have tentacles for arms and can constrict up to eight enemies at once.


Message History

You constrict the orc, but do no damage.
The orc hits you with a +1 trident of protection.
You tentacle-slap the orc but do no damage.
The orc is severely wounded.
You constrict the orc, but do no damage.
The orc hits you with a +1 trident of protection.
You tentacle-slap the orc but do no damage.
The orc is severely wounded.
You constrict the orc.
You kill the orc!
Things that are here:
a +1 trident of protection; a +0 leather armour You start resting.
An ogre comes into view. It is wielding a +0 giant spiked club.
Things that are here:
a +1 trident of protection; a +0 leather armour
There is a stone staircase leading up here.
You climb upwards.
There is a stone staircase leading down here.
You start resting.
HP restored.
You climb downwards.
The ogre closely misses you.
There is a stone staircase leading up here.
You bludgeon the ogre!
The ogre is moderately wounded.
The ogre barely misses you.
You tentacle-slap the ogre. You squeeze the ogre.
The ogre is heavily wounded.
The ogre hits you with a +0 giant spiked club!!
Ouch! That really hurt!
* * * LOW HITPOINT WARNING * * *
You are too injured to fight recklessly!
You are too injured to fight recklessly!
You tentacle-slap the ogre but do no damage.
You squeeze the ogre.
The ogre is heavily wounded.
You barely miss the ogre. You squeeze the ogre.
The ogre is severely wounded.
The ogre hits you with a +0 giant spiked club!
You die...

### ..# #
#.#.###..
#.#......
#O.......
#h### #.#..
#.#.# #.#.#
#[#.# #...#
#.......O....
##########.#.


You could see an ogre.

Vanquished Creatures
  3 adders
  A worm (D:2)
  3 dart slugs (D:2)
  3 orcs
  3 ball pythons
  10 endoplasms
  6 giant cockroaches
  4 goblins
  2 hobgoblins
  3 jackals (D:3)
  2 quokkas (D:3)
  6 bats
  6 frilled lizards
  6 kobolds
  6 rats
  A spectral goblin (D:3)
65 creatures vanquished.

Notes
Turn   | Place    | Note
-------+----------+-------------------------------------------
     0 | D:1      | mopl the Octopode Shapeshifter began the quest for the Orb.
     0 | D:1      | Reached XP level 1. HP: 14/14 MP: 1/1
   314 | D:1      | Reached XP level 2. HP: 19/19 MP: 2/2
   786 | D:2      | Reached XP level 3. HP: 24/24 MP: 3/3
   943 | D:2      | Reached XP level 4. HP: 25/30 MP: 4/4
  1180 | D:2      | Reached skill level 3 in Unarmed Combat
  1578 | D:3      | Found a faded altar of an unknown god.
  2323 | D:4      | Noticed an ogre
  2360 | D:4      | Mangled by an ogre

Illustrated notes

Levels and vault maps discovered:
D:1:      heliophobic_arrival_glass_houses, layout_basic, serial_bayou_pond_b,
          minmay_misc_feat_iff, hangedman_decor_clover_reticule
D:2:      layout_basic, serial_curves, eino_curves_02, eino_curves_02,
          skrybe_limestone_x, minmay_pentomino_s4
D:3:      minmay_wonky_spiral, layout_basic,
          dreamdust_ecumenical_altar_drowned_temple
D:4:      cheibrodos_quashed, layout_basic, minmay_misc_feat_five,
          uniq_crazy_yiuf_cottage, uniq_ijyb, uniq_natasha

Skill      XL: |  1  2  3  4 |
---------------+-------------+-----
Unarmed Combat | 3 |  3.2
Fighting       | |  2.5
Dodging        | |  2.6
Shapeshifting  | |  3.7

Action                     |  1- 3 |  4- 6 || total
---------------------------+-------+-------++-------
  Melee: Unarmed           |    53 |    57 ||   110
         Constrict         |    15 |    14 ||    29
         Punch             |     2 |     6 ||     8
         Tentacles         |     9 |     8 ||    17
   Stab: Sleeping          |    11 |     9 ||    20
 Armour: Skin              |     1 |     3 ||     4
  Dodge: Dodged            |    26 |    28 ||    54

Table legend: (Time is in decaauts)
 A = Elapsed time spent in this place.
 B = Non-inter-level travel time spent in this place.
 C = Inter-level travel time spent in this place.
 D = Time resting spent in this place.
 E = Time spent auto-exploring this place.
 F = Levels seen in this place.
 G = Mean time per level.
                   A        B        C        D        E       F      G
               +--------+--------+--------+--------+--------+-----+--------+
         Total |   2353 |   2275 |     78 |     23 |   1853 |   4 |  588.2 |
       Dungeon |   2353 |   2275 |     78 |     23 |   1853 |   4 |  588.2 |
               +--------+--------+--------+--------+--------+-----+--------+

Top non-repeatable levels by time:
     D:3: 878 daAuts
     D:2: 807 daAuts
     D:1: 645 daAuts
     D:4: 22 daAuts
